 Dungeon Crawl Stone Soup version 0.18-a0-1211-g828307d (webtiles) character file.

6692 dvd the Cruncher (level 10, 0/86 HPs)
             Began as a Minotaur Gladiator on Feb 2, 2016.
             Was an Elder of Okawaru.
             Killed by the air
             ... invoked by Gastronok
              (38 damage)
             ... on level 9 of the Dungeon.
             The game lasted 00:41:51 (11526 turns).

dvd the Cruncher (Minotaur Gladiator)              Turns: 11526, Time: 00:41:51

Health: 0/86       AC: 15    Str: 19    XL:     10   Next: 74%
Magic:  10/10      EV: 13    Int:  5    God:    Okawaru [****..]
Gold:   482        SH:  5    Dex: 13    Spells: 0 memorised, 9 levels left

rFire  + + .     SeeInvis .     U - +7 Screaming Sword
rCold  . . .     Gourm    .     T - +0 scale mail (curse)
rNeg   + . .     Faith    .     (no shield)
rPois  .         Spirit   .     P - +2 hat
rElec  .         Dismiss  .     e - +0 cloak
rCorr  .         Reflect  +     q - +0 pair of gloves
SustAt .         Harm     .     (no boots)
MR     +....                    p - +5 amulet of reflection
Stlth  ..........               (no ring)
                                J - ring "Napeng" {*Corrode rF+ rN+ MR+ Str-2}

@: slowed, very slow, somewhat resistant to hostile enchantments, extremely
unstealthy
A: retaliatory headbutt, horns 2, thin metallic scales 1, fire resistance 1,
mutation resistance 1
a: Heroism, Renounce Religion


You were on level 9 of the Dungeon.
You worshipped Okawaru.
Okawaru was greatly pleased with you.
You were hungry.

You visited 2 branches of the dungeon, and saw 10 of its levels.

You collected 631 gold pieces.
You spent 149 gold pieces at shops.

Inventory:

Hand Weapons
 a - a +1 quarterstaff
 b - the +6 hunting sling "Kiely" {flame, Int+5 Stlth+}
   (You bought it in a shop on level 5 of the Dungeon)

   It causes projectiles fired from it to burn those they strike, causing extra
   injury to most foes and up to half again as much damage against particularly
   susceptible opponents.
   It affects your intelligence (+5).
   It makes you more stealthy.
 c - a +0 hand crossbow
 d - a +2 flail of protection
 l - a +2 falchion of holy wrath
 o - a +0 long sword of distortion
 F - a +3 scimitar
 K - a +2 falchion of freezing
 L - a +2 halberd
 M - a -1 spear
 U - the +7 Screaming Sword (weapon)
   (You found it on level 8 of the Dungeon)
Missiles
 g - 114 stones
 i - 108 arrows
 j - 147 bolts
 m - 9 tomahawks (quivered)
 N - 2 throwing nets
Armour
 e - a +0 cloak (worn)
 q - a +0 pair of gloves (worn)
 r - a +0 large shield
 A - a +0 scale mail
 G - the +1 scale mail "Maoschacs" {+Blink rC+ Dex-2}
   (You found it on level 5 of the Dungeon)

   It affects your dexterity (-2).
   It protects you from cold.
   It lets you blink.
 I - a +2 hat
 P - a +2 hat (worn)
 T - a cursed +0 scale mail (worn)
Jewellery
 p - a +5 amulet of reflection (around neck)
 z - an uncursed ring of ice
 J - the ring "Napeng" (left hand) {*Corrode rF+ rN+ MR+ Str-2}
   (You found it on level 6 of the Dungeon)

   [ring of strength]

   It affects your strength (-2).
   It protects you from fire.
   It protects you from negative energy.
   It affects your resistance to hostile enchantments.
   It may corrode your equipment when you take damage.
Wands
 u - a wand of digging (1/24)
 w - a wand of disintegration (2/24)
 y - a wand of lightning (9/15)
 B - a wand of iceblast (14/15)
Scrolls
 h - 4 scrolls of enchant armour
 n - a scroll of identify
 s - 3 scrolls of amnesia
 t - a scroll of silence
 O - a scroll of teleportation
 V - a scroll of blinking {unknown}
Potions
 k - a potion of curing
 v - a potion of heal wounds
 E - 2 potions of poison
 H - a potion of brilliance {unknown}
 Q - a potion of invisibility {unknown}
 R - 2 potions of resistance
Books
 x - a book of Summonings

   Spells                             Type                      Level
   a - Recall                         Summoning/Translocation      3
   b - Aura of Abjuration             Summoning                    5
   c - Summon Demon                   Summoning                    5
   d - Summon Forest                  Summoning/Translocation      5
   e - Summon Mana Viper              Hexes/Summoning              5
   f - Shadow Creatures               Summoning                    6
Comestibles
 f - 6 bread rations
 C - 2 meat rations
 D - 5 fruits
 S - 9 royal jellies
 W - 3 beef jerkies


   Skills:
 + Level 7.4 Fighting
 + Level 1.0 Long Blades
 + Level 2.6(6.2) Maces & Flails
 + Level 0.5(5.5) Polearms
 + Level 9.0(9.2) Staves
 + Level 8.6(9.1) Slings
 + Level 2.1 Crossbows
 + Level 3.8(6.3) Throwing
 + Level 8.3 Armour
 + Level 7.6 Dodging
 + Level 1.5 Stealth
 + Level 1.7 Shields
 + Level 1.3 Invocations
 + Level 1.4 Evocations


You had 9 spell levels left.
You didn't know any spells.

Dungeon Overview and Level Annotations

Branches:
Dungeon (9/15)             Temple (1/1) D:4            Lair (0/8) D:8
    Orc: D:9-12

Altars:
Ashenzari
Cheibriados
Dithmenos
Elyvilon
Fedhas
Gozag
Kikubaaqudgha
Makhleb
Nemelex Xobeh
Okawaru
Pakellas
Qazlal
Ru
Sif Muna
Trog
Vehumet
Xom
Yredelemnul
Zin
The Shining One

Shops:
D:5 *   D:9 [*

Annotations:
D:9 Gastronok


Innate Abilities, Weirdness & Mutations

You reflexively headbutt those who attack you in melee.
You have a pair of horns on your head.
You are partially covered in thin metallic scales (AC +2).
Your flesh is heat resistant.
You are somewhat resistant to further mutation.


Message History

Gastronok chants a spell, wobbling all the while.
You hit Gastronok but do no damage.
Gastronok is severely wounded.
The Screaming Sword roars, "SWING ME FASTER, YOU KNUCKLE-DRAGGING BONEHEAD!"
The bat, the rat and Gastronok are hurt by the noise.
You hear a shout! x3
The bat hits you but does no damage. You block the rat's attack.
Gastronok bites you! You block the rat's attack.
You slice Gastronok!! You headbutt Gastronok!
Gastronok is almost dead.
The Screaming Sword shouts, "A winner requires a loser!"
The bat, the rat and Gastronok are hurt by the noise.
You are feeling hungry.
The bat hits you but does no damage. The rat barely misses you.
You furiously retaliate!
You headbutt the rat.
You kill the rat!
The rat's corpse disappears in a puff of smoke!
Gastronok waves his eye-stalks in wide circles.
The air twists around and strikes you!
You die...

####################
...............b.§.#
................@..#...
...............?.w(.....
.................#.∩.#..
........................
...#.....###############
...#.........
...#..........
...#...........
...#...........


You could see Gastronok and a bat.

Vanquished Creatures
  The ghost of namelastname112 the Skirmisher, a novice DrWn of Pakellas (D:7)
  Pikel (D:6)
  The ghost of Duffy the Cudgeler, a novice VSFi (D:6)
  5 yaks
  A hippogriff (D:7)
  Menkaure (D:6)
  Edmund (D:6)
  A soldier ant (D:9)
  An orc warrior (D:7)
  An ice beast (D:9)
  A black bear (D:8)
  8 ogres
  A necrophage (D:3)
  A phantom (D:7)
  2 wasps (D:9)
  A big kobold (D:8)
  6 giant frogs
  13 killer bees
  4 scorpions
  4 wights
  A crimson imp (D:7)
  5 orc priests
  A gnoll shaman (D:8)
  4 jellies
  7 hounds
  3 iguanas (D:5)
  2 centaur skeletons
  Ijyb (D:2)
  9 orc wizards
  6 worker ants
  The ghost of asdu the Caller, a weakling DESu of Sif Muna (D:4)
  A hound skeleton (D:9)
  7 gnolls
  14 adders
  5 shadow imps
  An ooze (D:4)
  3 worms
  13 giant geckos
  35 orcs
  4 giant cockroaches
  9 goblins
  9 hobgoblins
  13 jackals
  4 quokkas
  A ball python (D:4)
  15 bats
  A giant cockroach zombie (D:5)
  8 giant newts
  A goblin skeleton (D:8)
  2 goblin zombies (D:8)
  2 hobgoblin zombies (D:8)
  6 kobolds
  A kobold skeleton (D:8)
  2 kobold zombies (D:8)
  2 orc zombies (D:8)
  2 quokka skeletons (D:6)
  13 rats
  6 fungi (D:8)
  2 plants (D:5)
277 creatures vanquished.

Vanquished Creatures (others)
  2 slaves (D:6)
  A fungus (D:8)
3 creatures vanquished.

Grand Total: 280 creatures vanquished

Notes
Turn   | Place    | Note
--------------------------------------------------------------
     0 | D:1      | dvd the Minotaur Gladiator began the quest for the Orb.
     0 | D:1      | Reached XP level 1. HP: 18/18 MP: 0/0
    63 | D:1      | Reached XP level 2. HP: 25/25 MP: 1/1
   207 | D:1      | Reached skill level 4 in Staves
   415 | D:1      | Reached XP level 3. HP: 15/30 MP: 2/2
   811 | D:1      | Reached skill level 1 in Armour
  1187 | D:2      | Reached XP level 4. HP: 33/37 MP: 3/3
  1281 | D:2      | Found an oddly glowing altar of Pakellas.
  1496 | D:2      | Noticed Ijyb
  1500 | D:2      | Killed Ijyb
  1944 | D:3      | Reached skill level 1 in Slings
  1944 | D:3      | Reached XP level 5. HP: 11/44 MP: 4/4
  2328 | D:3      | Noticed a necrophage
  2338 | D:3      | Killed a necrophage
  2338 | D:3      | Reached skill level 5 in Staves
  2701 | D:3      | Reached XP level 6. HP: 51/51 MP: 5/5
  3077 | D:4      | Reached XP level 7. HP: 34/58 MP: 6/6
  3083 | D:4      | Reached skill level 5 in Dodging
  3122 | D:4      | Noticed asdu's ghost (weakling DESu)
  3301 | D:4      | Killed asdu's ghost
  3585 | D:4      | Found a staircase to the Ecumenical Temple.
  3595 | Temple   | Entered the Ecumenical Temple
  3750 | Temple   | Became a worshipper of Warmaster Okawaru
  3999 | D:5      | Entered Level 5 of the Dungeon
  4171 | D:5      | Reached skill level 6 in Staves
  4440 | D:5      | Found a shattered altar of Ashenzari.
  4655 | D:5      | Found Cufaskero's Assorted Antiques.
  4660 | D:5      | Bought a pitted hunting sling for 149 gold pieces
  4661 | D:5      | Identified the +6 hunting sling "Kiely" {flame, Int+5 Stlth+} (You bought it in a shop on level 5 of the Dungeon)
  5218 | D:5      | Reached * piety under Okawaru
  5249 | D:5      | Got a dazzling scale mail
  5267 | D:5      | Identified the cursed +1 scale mail "Maoschacs" {+Blink rC+ Dex-2} (You found it on level 5 of the Dungeon)
  5395 | D:5      | Reached XP level 8. HP: 62/67 MP: 7/7
  6300 | D:6      | Got a wavering tin ring
  6301 | D:6      | Identified the cursed ring "Napeng" {*Corrode rF+ rN+ MR+ Str-2} (You found it on level 6 of the Dungeon)
  6314 | D:6      | Reached skill level 5 in Armour
  6323 | D:6      | Reached skill level 5 in Fighting
  6323 | D:6      | Reached skill level 5 in Slings
  6349 | D:6      | Noticed Menkaure
  6352 | D:6      | Killed Menkaure
  6352 | D:6      | Reached skill level 7 in Staves
  6352 | D:6      | Reached skill level 1 in Stealth
  6367 | D:6      | Noticed Pikel
  6397 | D:6      | Killed Pikel
  6397 | D:6      | Reached ** piety under Okawaru
  6430 | D:6      | Noticed Edmund
  6436 | D:6      | Killed Edmund
  6436 | D:6      | Reached XP level 9. HP: 57/75 MP: 8/8
  6456 | D:6      | Noticed Duffy's ghost (novice VSFi)
  6857 | D:6      | Killed Duffy's ghost
  6857 | D:6      | Reached skill level 8 in Staves
  6971 | D:6      | Reached *** piety under Okawaru
  7613 | D:7      | Noticed namelastname112's ghost (novice DrWn)
  7831 | D:6      | Gained mutation: You are partially covered in thin metallic scales (AC +2). [potion of mutation]
  7831 | D:6      | Gained mutation: You are somewhat resistant to further mutation. [potion of mutation]
  7831 | D:6      | Gained mutation: Your flesh is heat resistant. [potion of mutation]
  8830 | D:7      | Reached skill level 1 in Maces & Flails
  8884 | D:7      | Killed namelastname112's ghost
  8884 | D:7      | Reached skill level 1 in Invocations
  8884 | D:7      | Reached skill level 1 in Evocations
  8884 | D:7      | Reached XP level 10. HP: 43/84 MP: 9/9
  9469 | D:8      | Found a glowing golden altar of the Shining One.
  9666 | D:8      | Found a staircase to the Lair.
  9754 | D:8      | Reached **** piety under Okawaru
 10496 | D:8      | Reached skill level 1 in Shields
 10530 | D:9      | Reached skill level 1 in Crossbows
 11260 | D:9      | Reached ***** piety under Okawaru
 11426 | D:9      | Found Xenais's Armour Boutique.
 11470 | D:9      | Reached skill level 1 in Long Blades
 11470 | D:9      | Reached skill level 9 in Staves
 11507 | D:9      | Found Itwugaoc's Assorted Antiques.
 11508 | D:9      | Noticed Gastronok
 11526 | D:9      | Killed from afar by Gastronok

Vault maps used:
D:1:      dpeg_arrival_rhombi, minmay_misc_feat_room, minmay_rat_gold_closets
D:2:      serial_bayou_pond_e, johnstein_pakellas_dig, uniq_iyjb
D:4:      minmay_temple_entry_statues_pillars, first_bread
D:5:      old_standard_altar, serial_shops, shop, minmay_lizard_king
D:6:      minmay_misc_feat_rugged, uniq_menkaure, uniq_pikel, uniq_edmund
D:8:      old_forge, nicolae_tso_besieged_by_evil, lair_0_dummy
D:9:      serial_shops, nicolae_shop_stone, kennysheep_mini_moat,
          hangedman_pestilent_swarm, uniq_gastronok
Temple:   kilobyte_greek_temple_18

Action                   |  1- 3 |  4- 6 |  7- 9 | 10-12 || total
-------------------------+-------+-------+-------+-------++-------
Melee: Quarterstaff      |    58 |    92 |   233 |    66 ||   449
       Long sword        |       |       |    18 |       ||    18
       Flail             |       |       |    86 |    54 ||   140
       Halberd           |       |       |    39 |       ||    39
       Double sword      |       |       |       |    47 ||    47
 Fire: Hunting sling     |     9 |    43 |    85 |    72 ||   209
       Hand crossbow     |       |       |       |    23 ||    23
Throw: Tomahawk          |    24 |    14 |     6 |       ||    44
       Throwing net      |     4 |       |     3 |       ||     7
Invok: Heroism           |       |       |     6 |     2 ||     8
Evoke: Wand              |       |       |    12 |       ||    12
  Use: Scroll            |       |     8 |     8 |     2 ||    18
       Potion            |       |       |     6 |       ||     6
  Eat: Chunk             |       |     7 |     8 |     7 ||    22
       Meat ration       |       |       |     2 |       ||     2
       Royal jelly       |       |       |       |     1 ||     1
